 Dungeon Crawl Stone Soup version 0.26.1-11-gd32895ea62 (webtiles) character file.

Game seed: 18184912400024150417

165 Zeld the Cudgeller (level 5, -3/33 HPs)
             Began as a Tengu Monk on June 9, 2021.
             Slain by Robin
             ... wielding a +0 mace
              (7 damage)
             ... on level 4 of the Dungeon.
             The game lasted 00:05:48 (5802 turns).

Zeld the Cudgeller (Tengu Monk)                     Turns: 5802, Time: 00:05:49

Health: -3/33      AC:  2    Str: 12    XL:     5   Next: 46%
Magic:  6/6        EV: 14    Int: 11    God:
Gold:   160        SH:  0    Dex: 16    Spells: 4/4 levels left

rFire    . . .     SeeInvis .   a - +0 mace
rCold    . . .     Faith    .   (no shield)
rNeg     . . .     Spirit   .   b - +0 robe
rPois    .         Reflect  .   (helmet restricted)
rElec    .         Harm     .   (no cloak)
rCorr    .         Rampage  .   (no gloves)
Will     .....                  (boots unavailable)
Stlth    ++........             l - amulet of the acrobat
HPRegen  0.11/turn              (no ring)
MPRegen  0.10/turn              (no ring)

@: no status effects
A: beak, talons 3, able to fly
a: Fly


You were on level 4 of the Dungeon.
You visited 1 branch of the dungeon, and saw 4 of its levels.

You collected 160 gold pieces.

Inventory:

Hand Weapons
 a - a +0 mace (weapon)
Missiles
 g - 17 poisoned darts (quivered)
Armour
 b - a +0 robe (worn)
Jewellery
 l - an amulet of the acrobat (around neck)
Scrolls
 c - 3 scrolls of remove curse
 d - 3 scrolls of teleportation
 h - a scroll of identify
 i - a scroll of fear
 j - a scroll of enchant armour
 n - a scroll of amnesia {unknown}
Potions
 e - 2 potions of haste
 f - a potion of heal wounds {unknown}
 k - 2 potions of curing {unknown}
 m - a potion of brilliance {unknown}


   Skills:
 + Level 3.7 Fighting
 * Level 4.8 Maces & Flails
 * Level 2.1 Throwing
 + Level 4.1 Dodging
 - Level 2.0 Stealth


You had 4 spell levels left.
You didn't know any spells.
Your spell library was empty.

Dungeon Overview and Level Annotations

Branches:
Dungeon (4/15)
 Temple: D:4-7

Altars:
Zin

Annotations:
D:4 Robin


Innate Abilities, Weirdness & Mutations

You have a beak for a mouth.
You have claws for feet.
You can fly continuously.


Message History

The goblin barely misses you.
You hit the goblin.
You kill the goblin!
The hobgoblin closely misses you.
You see here a +0 club.
You hear the slow rusting of a very distant drain.
You hit the hobgoblin. You claw the hobgoblin.
You kill the hobgoblin!
Robin roars a battlecry!
The hobgoblin goes into a battle-frenzy!
Things that are here:
a +0 club; a +0 club You hit Robin.
Robin is lightly wounded.
Robin hits you with a +0 mace!
* * * LOW HITPOINT WARNING * * *
You hit Robin. You claw Robin.
Robin is almost dead.
Robin hits you with a +0 mace!
You die...

########### #).
..........# #)#
.########># #.#
.#......#.# #)#
.#.(.##.#.# #)#
.#.(.<#.#.# #g#
.#...<....# #g#
.#....#.### #g#
.#.####.# #@#
.#......# #.#
.######## #.# .#
#.#
.###############.#
)................#
.#################
##


You could see Robin, a hobgoblin (strong) and a goblin (strong).

Vanquished Creatures
  2 orc priests (D:1)
  A gnoll (D:2)
  2 adders (D:2)
  2 dart slugs (D:1)
  3 leopard geckos
  2 orcs (D:2)
  A ball python (D:1)
  2 giant cockroaches
  9 goblins
  12 hobgoblins
  6 jackals (D:3)
  7 kobolds
  10 bats
  4 frilled lizards
  5 rats
68 creatures vanquished.

Notes
Turn   | Place    | Note
-------+----------+-------------------------------------------
     0 | D:1      | Zeld the Tengu Monk began the quest for the Orb.
     0 | D:1      | Reached XP level 1. HP: 14/14 MP: 2/2
    82 | D:1      | Reached XP level 2. HP: 3/19 MP: 3/3
   964 | D:1      | Reached XP level 3. HP: 23/23 MP: 4/4
  2242 | D:2      | Reached XP level 4. HP: 27/28 MP: 5/5
  2246 | D:1      | Reached skill level 1 in Throwing
  3207 | D:2      | Gained mutation: You can fly continuously. [Tengu growth]
  3207 | D:2      | Reached XP level 5. HP: 32/32 MP: 6/6
  3878 | D:2      | Found a glowing silver altar of Zin.
  5775 | D:4      | Noticed Robin
  5802 | D:4      | Slain by Robin

Illustrated notes

Levels and vault maps discovered:
D:1:      amcnicky_arrival_gap_in_the_tavern_cellar, layout_loops_corners,
          kennysheep_nondescript
D:2:      layout_basic, lemuel_doored_altar
D:3:      layout_loops_ring
D:4:      layout_basic, kennysheep_mini_moat, portal_sewer_entry_e, uniq_robin,
          uniq_purgy

Skill      XL: |  1  2  3  4  5 |
---------------+----------------+-----
Maces & Flails | 4 |  4.8
Throwing       | 1 2 |  2.1
Dodging        | 4 |  4.1
Fighting       | |  3.7
Stealth        | |  2.0

Action                   |  1- 3 |  4- 6 || total
-------------------------+-------+-------++-------
Melee: Mace              |    55 |    98 ||   153
       Peck              |     9 |    17 ||    26
       Kick              |     7 |    32 ||    39
 Abil: Fly               |       |     2 ||     2
       Stop Flying       |       |     2 ||     2
  Use: Scroll            |       |     4 ||     4
 Stab: Sleeping          |     3 |     4 ||     7
Armor: Robe              |    15 |     9 ||    24
Dodge: Dodged            |    43 |    78 ||   121
